 Dungeon Crawl Stone Soup version 0.32-a0-576-g706899e69d (webtiles) character file.

Game seed: 17294708176225557005

357 horus123 the Chiller (level 6, -2/61 HPs)
             Began as a Demonspawn Ice Elementalist on Mar 2, 2024.
             Succumbed to Duvessa's poison
             ... on level 4 of the Dungeon.
             The game lasted 00:06:47 (3534 turns).

horus123 the Chiller (Demonspawn Ice Elementalist)  Turns: 3534, Time: 00:06:47

Health: -2/61      AC: 23    Str:  9    XL:     6   Next: 36%
Magic:  4/13       EV:  2    Int: 17    God:
Gold:   147        SH:  0    Dex: 13    Spells: 8/15 levels left

rFire   . . .        s - +3 dagger (freeze)
rCold   . . .        (no shield)
rNeg    . . .        a - melded +0 robe
rPois   +            g - melded +0 helmet
rElec   .            (cloak currently unavailable)
rCorr   .            n - melded +0 pair of gloves
SInv    .            (boots currently unavailable)
Will    .....        (no amulet)
Stlth   ++           (no ring)
HPRegen 0.30/turn    (no ring)
MPRegen 0.13/turn

%: no passive effects
@: lethally poisoned (-2 -> -24), tree-form
A: stationary, stasis, torment immunity, boosted hp, (claws 1), (hooves 1), foul
stench 2, (weakness stinger 1)
a: no special abilities


You were on level 4 of the Dungeon.
You were a tree.
You visited 1 branch of the dungeon, and saw 4 of its levels.

You collected 147 gold pieces.

Inventory:

Hand Weapons
 s - a +3 dagger of freezing (weapon)
Armour
 a - a +0 robe (melded)
 g - a +0 helmet (melded)
 n - a +0 pair of gloves (melded)
Magical Staves
 o - a staff of fire
Wands
 q - a wand of flame (8)
Scrolls
 c - 2 scrolls of amnesia {unknown}
 f - 2 scrolls of noise {unknown}
 h - a scroll of identify {unknown}
 j - 2 scrolls of teleportation {unknown}
 k - a scroll of immolation {unknown}
 l - a scroll of revelation {unknown}
 m - a scroll of fear {unknown}
 r - a scroll of poison {unknown}
Potions
 b - a potion of magic
 d - a potion of ambrosia {unknown}
 e - a potion of lignification
 i - 2 potions of heal wounds {unknown}
 p - 3 potions of curing {unknown}


   Skills:
 - Level 1.7 Dodging
 - Level 1.7 Stealth
 - Level 5.0 Spellcasting
 + Level 5.3 Ice Magic


You had 8 spell levels left.
You knew the following spells:

 Your Spells              Type           Power      Damage    Failure   Level
a - Freeze                Ice            88%        1d9       1%          1
b - Frozen Ramparts       Ice            44%        1d7       4%          3
c - Summon Ice Beast      Ice/Summ       13%        N/A       14%         3

Your spell library contained the following spells:

 Spells                   Type           Power      Damage    Failure   Level
 Ozocubu's Armour         Ice            22%        N/A       4%          3
 Sublimation of Blood     Necr           4%         N/A       22%         2
 Petrify                  Alch/Erth      4%         N/A       80%         4
 Irradiate                Conj/Alch      2%         3d12      98%         5


Dungeon Overview and Level Annotations

Branches:
Dungeon (4/15)
 Temple: D:4-7

Altars:

Shops:
D:2 (   D:4 (


Innate Abilities, Weirdness & Mutations

You are a tree.
Your roots penetrate the ground, keeping you stationary.
You cannot be teleported.
You are immune to unholy pain and torment.
Your maximum health is greatly increased.
Your equipment is partially melded.
((You have sharp fingernails.))
((You have large cloven feet.))
You sometimes emit foul miasma when damaged in melee.
((You have a small tail.))


Message History

The wall freezes Duvessa but does no damage.
Duvessa misses you.
Aiming: Freeze (safe; 1% risk of failure)
Press: ? - help, Q - select action, (/) - cycle Shift-Dir - straight line, f/p - Duvessa
Aim: Duvessa, wielding a +2 short sword of venom and wearing a +0 chain mail (heavily wounded)
You freeze Duvessa.
Duvessa is heavily wounded.
The frozen ramparts melt away.
You feel sick.
Duvessa hits you with a +2 short sword of venom.
You are more poisoned.
You emit a cloud of foul miasma!
Aiming: Freeze (safe; 1% risk of failure)
Press: ? - help, Q - select action, (/) - cycle Shift-Dir - straight line, f/p - Duvessa
Aim: Duvessa, wielding a +2 short sword of venom and wearing a +0 chain mail (foul pestilence, heavily wounded)
You freeze Duvessa.
Duvessa is severely wounded.
You feel very sick.
Duvessa is engulfed in dark miasma.
Duvessa is poisoned.
Duvessa hits you with a +2 short sword of venom!
* * * LOW HITPOINT WARNING * * *
You are more poisoned.
Aiming: Freeze (safe; 1% risk of failure)
Press: ? - help, Q - select action, (/) - cycle Shift-Dir - straight line, f/p - Duvessa
Aim: Duvessa, wielding a +2 short sword of venom and wearing a +0 chain mail (foul pestilence, severely wounded, poisoned)
You freeze Duvessa.
Duvessa is severely wounded.
* * * LOW HITPOINT WARNING * * *
You feel very sick.
Duvessa is engulfed in dark miasma.
Duvessa looks even sicker.
You kill Duvessa!
You hear a distant wail of despair.
Your Ice Magic skill increases to level 5!
You have reached level 6!
Your demonic ancestry asserts itself...
Your fingernails lengthen.
It was a potion of lignification.
You turn into a tree.
Your +0 helmet melds into your body.
Your +0 pair of gloves melds into your body.
Your +0 robe melds into your body.
Your roots penetrate the ground.
You die...

.... .... ... #.. ####
#.###+###+######...
#........... ....##
#.......## ##..
####.......#####...
#☼♣................
....$..##..####.####....
...#### #.## #...##....
. #.# #....†)..>
#.######....+++.
#.##........+ +.
#.##........+ +.
#.##............
####............###


There were no monsters in sight!

Vanquished Creatures
  Duvessa (D:4)
  2 hounds (D:3)
  A bombardier beetle (D:3)
  An iguana (D:4)
  A gnoll (D:3)
  4 adders
  3 dart slugs (D:1)
  A ribbon worm (D:4)
  An orc (D:3)
  3 endoplasms
  3 giant cockroaches
  14 goblins
  7 hobgoblins
  3 jackals (D:2)
  11 kobolds
  4 quokkas
  8 ball pythons
  6 bats
  4 frilled lizards
  7 rats
85 creatures vanquished.

Notes
Turn   | Place    | Note
-------+----------+-------------------------------------------
     0 | D:1      | horus123 the Demonspawn Ice Elementalist began the quest
                  | for the Orb.
     0 | D:1      | Reached XP level 1. HP: 13/13 MP: 3/3
   223 | D:1      | Gained mutation: You may rarely emit foul miasma when
                  | damaged in melee. [demonic ancestry]
   223 | D:1      | Reached XP level 2. HP: 19/19 MP: 1/5
   629 | D:1      | Discovered your monstrous ancestry.
   629 | D:1      | Gained mutation: You have large cloven feet. [demonic
                  | ancestry]
   629 | D:1      | Reached XP level 3. HP: 24/24 MP: 4/7
  1000 | D:1      | Found a faded altar of an unknown god.
  1540 | D:2      | Learned a level 3 spell: Frozen Ramparts
  1544 | D:2      | Learned a level 3 spell: Summon Ice Beast
  1655 | D:2      | Gained mutation: You sometimes emit foul miasma when
                  | damaged in melee. [demonic ancestry]
  1655 | D:2      | Reached XP level 4. HP: 17/30 MP: 2/10
  1741 | D:2      | Found Deinyorgh's Weapon Emporium.
  2361 | D:2      | You fall into a shaft and drop 1 floor!
  2779 | D:3      | Gained mutation: You have a small tail. [demonic ancestry]
  2779 | D:3      | Reached XP level 5. HP: 35/35 MP: 9/12
  3196 | D:3      | Reached skill level 5 in Spellcasting
  3346 | D:4      | Found Hyploib's Weapon Emporium.
  3523 | D:4      | Noticed Duvessa
  3533 | D:4      | HP: 1/35 [poisoned by Duvessa]
  3533 | D:4      | Killed Duvessa
  3534 | D:4      | Reached skill level 5 in Ice Magic
  3534 | D:4      | Gained mutation: You have sharp fingernails. [demonic
                  | ancestry]
  3534 | D:4      | Reached XP level 6. HP: 2/41 MP: 4/13
  3534 | D:4      | Succumbed to Duvessa's poison

Illustrated notes

Levels and vault maps discovered:
D:1:      heliophobic_arrival_battle_scene, layout_loops_corners,
          dreamdust_ecumenical_altar_grove, minmay_pentomino_r2
D:2:      layout_basic, serial_shops, nicolae_shop_getting_attention,
          nrook_campfire, uniq_robin
D:3:      layout_basic, cheibrodos_gnoll_hut
D:4:      layout_rooms, mainiacjoe_overflow_six_doors_small,
          mainiacjoe_overflow_brackets, nicolae_ashenzari_panopticon,
          hangedman_ru_absence, serial_shops, nicolae_shop_statue_plus,
          nicolae_shop_bloodbath_and_beyond, nicolae_shop_advertising_works
          [nicolae_subvault_shop_adworks], nicolae_book_shop_shelving,
          nicolae_shop_tiny_real_fake_doors, uniq_blork_the_orc, uniq_pikel,
          uniq_duvessa

Skill      XL: |  1  2  3  4  5 |
---------------+----------------+-----
Spellcasting   | 3 4 5 |  5.0
Ice Magic      | 5 |  5.3
Dodging        | |  1.7
Stealth        | |  1.7

Action                     |  1- 3 |  4- 6 || total
---------------------------+-------+-------++-------
  Melee: Unarmed           |     9 |       ||     9
         Whip              |     1 |       ||     1
         Dagger            |       |    10 ||    10
         Kick              |       |     2 ||     2
         Tailslap          |       |     1 ||     1
   Cast: Freeze            |    60 |    78 ||   138
         Frozen Ramparts   |       |     1 ||     1
    Use: Potion            |       |     1 ||     1
   Stab: Sleeping          |     1 |       ||     1
 Armour: Robe              |    35 |    46 ||    81
  Dodge: Dodged            |    36 |    57 ||    93

Table legend: (Time is in decaauts)
 A = Elapsed time spent in this place.
 B = Non-inter-level travel time spent in this place.
 C = Inter-level travel time spent in this place.
 D = Time resting spent in this place.
 E = Time spent auto-exploring this place.
 F = Levels seen in this place.
 G = Mean time per level.
                   A        B        C        D        E       F      G
               +--------+--------+--------+--------+--------+-----+--------+
         Total |   3533 |   3470 |     63 |    306 |   2457 |   4 |  883.2 |
       Dungeon |   3533 |   3470 |     63 |    306 |   2457 |   4 |  883.2 |
               +--------+--------+--------+--------+--------+-----+--------+

Top non-repeatable levels by time:
     D:1: 1449 daAuts
     D:2: 1163 daAuts
     D:3: 733 daAuts
     D:4: 187 daAuts
